 Dungeon Crawl Stone Soup version 0.26.1-11-gd32895ea62 (webtiles) character file.

Game seed: 3444999918961234707

51 Arcadio the Sneak (level 3, 0/24 HPs)
             Began as an Octopode Brigand on May 22, 2021.
             Slain by an adder (1 damage)
             ... on level 2 of the Dungeon.
             The game lasted 00:02:28 (1597 turns).

Arcadio the Sneak (Octopode Brigand)                Turns: 1597, Time: 00:02:28

Health: 0/24       AC:  1    Str: 10    XL:     3   Next: 81%
Magic:  3/3        EV: 13    Int: 13    God:
Gold:   76         SH:  0    Dex: 14    Spells: 2/2 levels left

rFire    . . .     SeeInvis .   a - +2 dagger
rCold    . . .     Faith    .   (no shield)
rNeg     . . .     Spirit   .   (helmet restricted)
rPois    .         Reflect  .   (no amulet)
rElec    .         Harm     .   (no ring)
rCorr    .         Rampage  .   (no ring)
Will     .....                  (no ring)
Stlth    ++++......             (no ring)
HPRegen  0.08/turn              (no ring)
MPRegen  0.08/turn              (no ring)
                                (no ring)
                                (no ring)

@: lethally poisoned (0 -> -2)
A: almost no armour, stealthy swim, amphibious, 8 rings, constrict 8, camouflage
1, gelatinous body 1
a: no special abilities


You were on level 2 of the Dungeon.
You visited 1 branch of the dungeon, and saw 2 of its levels.

You collected 76 gold pieces.

Inventory:

Hand Weapons
 a - a +2 dagger (weapon)
Missiles
 b - 8 poisoned darts (quivered)
 c - 2 curare-tipped darts
Jewellery
 j - an uncursed ring of willpower {unknown}
 k - a +4 ring of protection {unknown}
Scrolls
 d - a scroll of fog {unknown}
 e - 3 scrolls of fear
 g - a scroll of teleportation
 l - a scroll of identify {unknown}
Potions
 f - a potion of haste {unknown}
 h - a potion of cancellation
 i - 2 potions of lignification {unknown}


   Skills:
 - Level 2.0 Fighting
 + Level 2.8 Short Blades
 - Level 2.0 Throwing
 + Level 2.1 Dodging
 + Level 6.0 Stealth


You had 2 spell levels left.
You didn't know any spells.
Your spell library was empty.

Dungeon Overview and Level Annotations

Branches:
Dungeon (2/15)

Altars:


Innate Abilities, Weirdness & Mutations

You cannot wear most types of armour.
You are very stealthy in the water. (Stealth+)
You are amphibious.
You can wear up to eight rings at the same time.
You can use your tentacles to constrict eight enemies at once.
Your skin changes colour to match your surroundings (Stealth+).
Your rubbery body absorbs attacks. (AC +1, EV +1)


Message History

The quokka bites you but does no damage.
The adder bites you. The adder bites you but does no damage.
The adder bites you. The adder bites you. The adder closely misses you.
The quokka completely misses you.
There is a stone staircase leading up here.
The adder barely misses you. The adder bites you.
You are poisoned.
The adder poisons you!
Okay, then.
You feel sick. The adder bites you.
* * * LOW HITPOINT WARNING * * *
You feel sick.
You feel sick. The adder misses you.
It was a potion of cancellation.
You feel magically purged. The adder bites you.
* * * LOW HITPOINT WARNING * * *
The adder bites you.
You die...

#.##......#
..####<.#.# .#.#
##.#.# ..#. #..(#
.. .. ##..# #.r#
#..# #..####
#..rS@#
#..#S#######
#######.#.......#
#......>#.#####.#
#.......### #.#
##.......# #.#
#........# #.#
#........# #.#
#....##### #.#


You could see 2 adders and a quokka.

Vanquished Creatures
  2 dart slugs (D:1)
  3 leopard geckos
  2 giant cockroaches (D:1)
  4 goblins (D:1)
  3 hobgoblins (D:1)
  7 jackals (D:1)
  4 kobolds (D:1)
  A quokka (D:2)
  9 bats
  A frilled lizard (D:2)
  4 rats (D:1)
40 creatures vanquished.

Vanquished Creatures (others)
  7 toadstools (D:1)
7 creatures vanquished.

Grand Total: 47 creatures vanquished

Notes
Turn   | Place    | Note
-------+----------+-------------------------------------------
     0 | D:1      | Arcadio the Octopode Brigand began the quest for the Orb.
     0 | D:1      | Reached XP level 1. HP: 14/14 MP: 1/1
   483 | D:1      | Reached XP level 2. HP: 19/19 MP: 2/2
   807 | D:1      | Reached XP level 3. HP: 22/24 MP: 3/3
  1194 | D:1      | Reached skill level 6 in Stealth
  1597 | D:2      | HP: 1/24 [adder (4)]
  1597 | D:2      | Slain by an adder

Illustrated notes

Levels and vault maps discovered:
D:1:      nagdon_arrival_double_spiral, layout_basic, hex_large,
          grunt_decor_junction
D:2:      layout_basic, nemelex_altar_shiori, minmay_surrounded

Skill      XL: |  1  2  3 |
---------------+----------+-----
Dodging        | 2 |  2.1
Stealth        | 6 |  6.0
Fighting       | |  2.0
Short Blades   | |  2.8
Throwing       | |  2.0

Action                   || total
-------------------------++-------
Melee: Dagger            ||    73
       Constrict         ||    17
       Tentacles         ||    11
  Use: Scroll            ||     2
       Potion            ||     1
 Stab: Sleeping          ||    17
Armor: Skin              ||    10
Dodge: Dodged            ||    45
